 Dungeon Crawl Stone Soup version 0.30-a0-297-g0ec75d9ef4 (webtiles) character file.

Game seed: 15420468788492544876

82 lonewolfV2 the Insei (level 4, 0/35 HPs)
             Began as a Demigod Transmuter on Oct 20, 2022.
             Slain by an orc wizard
             ... wielding a +4 dagger
              (7 damage)
             ... on level 3 of the Dungeon.
             The game lasted 00:02:50 (2336 turns).

lonewolfV2 the Insei (Demigod Transmuter)           Turns: 2336, Time: 00:02:51

Health: 0/35       AC:  3    Str: 11    XL:     4   Next: 1%
Magic:  8/9        EV: 12    Int: 19    God:
Gold:   109        SH:  0    Dex: 14    Spells: 6/7 levels left

rFire   . . .      SeeInvis .      - Unarmed
rCold   . . .      Faith    .    (no shield)
rNeg    . . .      Spirit   .    a - +1 robe
rPois   .          Reflect  .    (helmet currently unavailable)
rElec   .          Harm     .    (no cloak)
rCorr   .          Rampage  .    (no gloves)
Will    .....                    (boots currently unavailable)
Stlth   +.........               (no amulet)
HPRegen 0.25/turn                (no ring)
MPRegen 0.11/turn                (no ring)

@: appendages
A: horns 2, talons 2, high MP 1, forlorn, divine attributes
a: End Transformation


You were on level 3 of the Dungeon.
You had temporarily grown beastly horns and talons.
You visited 1 branch of the dungeon, and saw 3 of its levels.

You collected 109 gold pieces.

Inventory:

Armour
 a - a +1 robe (worn)
Jewellery
 g - a ring of magical power
Wands
 f - a wand of paralysis (5) (quivered)
Scrolls
 d - a scroll of teleportation {unknown}
Potions
 b - a potion of lignification
 c - a potion of heal wounds
 h - a potion of invisibility {unknown}


   Skills:
 + Level 1.0 Fighting
 + Level 2.6 Dodging
 + Level 0.3 Stealth
 + Level 3.4 Unarmed Combat
 + Level 2.1 Spellcasting
 * Level 2.3 Transmutations


You had 6 spell levels left.
You knew the following spells:

 Your Spells              Type           Power      Damage    Failure   Level
a - Beastly Appendage     Tmut           22%        N/A       6%          1

Your spell library contained the following spells:

 Spells                   Type           Power      Damage    Failure   Level
 Wereblood                Tmut           11%        N/A       10%         2
 Spider Form              Tmut/Pois      6%         N/A       30%         3
 Ice Form                 Ice/Tmut       6%         N/A       71%         4


Dungeon Overview and Level Annotations

Branches:
Dungeon (3/15)


Innate Abilities, Weirdness & Mutations

You have temporarily grown beastly horns and talons.
You have an increased reservoir of magic. (+10% MP)
You shall have no god before yourself.
Your divine heritage dramatically boosts your attributes as you level up.


Message History

You hear some strange, mumbled words.
Deactivating autopickup; reactivate with Ctrl-A.
Something tries to affect you, but you resist.
You hit the orc.
The orc is heavily wounded.
The orc unwields a +0 sling.
The orc wields a +0 short sword.
The orc barely misses you.
You barely miss the orc.
The orc is heavily wounded.
You hear some strange, mumbled words.
A puff of flame appears from out of thin air!
The puff of flame misses you. The orc hits you with a +0 club.
* * * LOW HITPOINT WARNING * * *
The orc barely misses you.
You barely miss the orc.
The orc is heavily wounded.
Something hits you.
* * * LOW HITPOINT WARNING * * *
The orc hits you with a +0 club.
* * * LOW HITPOINT WARNING * * *
The orc hits you with a +0 short sword.
* * * LOW HITPOINT WARNING * * *
You feel better. Something hits you but does no damage.
The orc barely misses you. The orc closely misses you.
Casting: Beastly Appendage (safe; 6% risk of failure)
Confirm with . or Enter, or press ? or * to list all spells.
You grow a pair of large bovine horns.
Your feet morph into talons.
Something hits you. The orc barely misses you.
The orc hits you with a +0 short sword.
* * * LOW HITPOINT WARNING * * *
You hit the orc but do no damage. You claw the orc.
Your headbutt misses the orc.
The orc is heavily wounded.
Something hits you.
* * * LOW HITPOINT WARNING * * *
The orc barely misses you. The orc hits you but does no damage.
You hit the orc.
You kill the orc!
The orc closely misses you. Something hits you!
You die...

#.........#
#.........#
##........# .
#........# ..
#........###
...
########...#
.... ###.#
.....
#.######r..#
#.##..@o...#
#^....{o......
##..####......
##>... ......
###### ##...
.. #


You could see 2 orcs and a rat.

Vanquished Creatures
  3 adders
  2 dart slugs
  An orc (D:3)
  3 ball pythons
  2 endoplasms
  4 goblins
  3 hobgoblins
  3 jackals (D:1)
  A quokka (D:1)
  4 bats
  3 frilled lizards
  4 kobolds
  2 rats (D:1)
35 creatures vanquished.

Vanquished Creatures (others)
  An orc wizard (D:3)
  3 fungi (D:1)
  2 plants (D:1)
6 creatures vanquished.

Grand Total: 41 creatures vanquished

Notes
Turn   | Place    | Note
-------+----------+-------------------------------------------
     0 | D:1      | lonewolfV2 the Demigod Transmuter began the quest for the
                  | Orb.
     0 | D:1      | Reached XP level 1. HP: 15/15 MP: 5/5
   729 | D:1      | Reached XP level 2. HP: 22/22 MP: 5/7
   883 | D:1      | Reached skill level 3 in Unarmed Combat
  1725 | D:2      | Reached XP level 3. HP: 27/27 MP: 8/8
  2137 | D:3      | Reached skill level 1 in Fighting
  2326 | D:3      | Reached XP level 4. HP: 11/35 MP: 9/9
  2336 | D:3      | Slain by an orc wizard

Illustrated notes

Levels and vault maps discovered:
D:1:      dpeg_arrival_three_same_balls, layout_basic,
          shapermc_ecumenical_altar_acropolis, corexii_corridor_pit,
          amcnicky_mini_rare_corridor_liquid, chequers_serial_rivers_room_b,
          minmay_unequal
D:2:      layout_rooms
D:3:      layout_basic, hellmonk_ghost_happy_afterlife, minmay_door_square

Skill      XL: |  1  2  3 |
---------------+----------+-----
Dodging        | 2 |  2.6
Unarmed Combat | 3 |  3.4
Spellcasting   | 2 |  2.1
Transmutations | 2 |  2.3
Fighting       | 1 |  1.0
Stealth        | |  0.3

Action                   |  1- 3 |  4- 6 || total
-------------------------+-------+-------++-------
Melee: Unarmed           |   101 |     9 ||   110
       Kick              |    17 |     1 ||    18
       Headbutt          |    11 |       ||    11
       Punch             |     5 |       ||     5
 Cast: Beastly Appendage |    19 |     1 ||    20
  Use: Scroll            |     5 |       ||     5
       Potion            |       |     1 ||     1
Armor: Robe              |    42 |     2 ||    44
Dodge: Dodged            |    76 |    10 ||    86

Table legend: (Time is in decaauts)
 A = Elapsed time spent in this place.
 B = Non-inter-level travel time spent in this place.
 C = Inter-level travel time spent in this place.
 D = Time resting spent in this place.
 E = Time spent auto-exploring this place.
 F = Levels seen in this place.
 G = Mean time per level.
                   A        B        C        D        E       F      G
               +--------+--------+--------+--------+--------+-----+--------+
         Total |   2332 |   2308 |     24 |    731 |   1154 |   3 |  777.3 |
       Dungeon |   2332 |   2308 |     24 |    731 |   1154 |   3 |  777.3 |
               +--------+--------+--------+--------+--------+-----+--------+

Top non-repeatable levels by time:
     D:1: 1258 daAuts
     D:2: 850 daAuts
     D:3: 223 daAuts
